 Dungeon Crawl Stone Soup version 0.27-a0-1181-g5f64966fcc (webtiles) character file.

Game seed: 14588026227398151889

7802 toffzen the Basher (level 11, -3/100 HPs)
             Began as a Tengu Berserker on May 17, 2021.
             Was a High Priest of Trog.
             Killed by divine providence
             ... invoked by an orc priest
              (14 damage)
             ... on level 8 of the Dungeon.
             The game lasted 00:15:40 (8365 turns).

toffzen the Basher (Tengu Berserker)                Turns: 8365, Time: 00:15:41

Health: -3/100     AC: 16    Str: 20    XL:     11   Next: 20%
Magic:  12/12      EV: 12    Int:  8    God:    Trog [*****.]
Gold:   600        SH:  6    Dex: 20    Spells: 10/10 levels left

rFire    . . .     SeeInvis .   a - +0 flail
rCold    . . .     Faith    .   p - +0 buckler
rNeg     + . .     Spirit   .   k - +1 plate armour
rPois    .         Reflect  .   (helmet restricted)
rElec    .         Harm     .   (no cloak)
rCorr    .         Rampage  .   w - +0 pair of gloves
Will     .....                  (boots unavailable)
Stlth    ..........             C - amulet of regeneration
HPRegen  1.26/turn              A - ring of positive energy
MPRegen  0.13/turn              m - +6 ring of dexterity

@: berserking (expiring), flying quickly and evasively, very quick
A: beak, talons 3, nimble flight
a: Renounce Religion, Berserk, Trog's Hand, Brothers in Arms


You were on level 8 of the Dungeon.
You worshipped Trog.
Trog was extremely pleased with you.
You visited 1 branch of the dungeon, and saw 8 of its levels.

You collected 600 gold pieces.

Inventory:

Hand Weapons
 a - a +0 flail (weapon)
 v - a +0 hunting sling
Missiles
 c - 164 stones
 g - a curare-tipped dart
 q - 3 boomerangs of dispersal
Armour
 k - a +1 plate armour (worn)
 p - a +0 buckler (worn)
 w - a +0 pair of gloves (worn)
Jewellery
 m - a +6 ring of dexterity (right hand)
 A - a ring of positive energy (left hand)
 C - an amulet of regeneration (around neck)
 D - a ring of magical power
Wands
 u - a wand of iceblast (13)
 y - a wand of paralysis (8)
Scrolls
 d - 3 scrolls of holy word
 e - 3 scrolls of vulnerability
 f - a scroll of noise
 h - 3 scrolls of enchant armour
 i - a scroll of amnesia {unknown}
 j - a scroll of acquirement {unknown}
 l - a scroll of blinking {unknown}
 o - 4 scrolls of teleportation
 s - a scroll of magic mapping
 x - a scroll of fear {unknown}
Potions
 b - a potion of cancellation
 n - a potion of might
 r - a potion of resistance {unknown}
 t - a potion of mutation {unknown}
 z - 3 potions of curing
 B - a potion of ambrosia {unknown}


   Skills:
 + Level 7.6 Fighting
 * Level 11.3 Maces & Flails
 + Level 8.1 Armour
 + Level 8.0 Dodging
 + Level 6.3 Shields


You had 10 spell levels left.
You didn't know any spells.
Your spell library was empty.

Dungeon Overview and Level Annotations

Branches:
Dungeon (8/15)             Temple (0/1) D:6
   Lair: D:8-11

Altars:
Cheibriados
Dithmenos
Elyvilon
Makhleb
Trog
Uskayaw
Zin
The Shining One

Shops:
D:2 [

Annotations:
D:6 1 runed translucent door, Nosferatu13666's ghost, novice SpBr


Innate Abilities, Weirdness & Mutations

You have a beak for a mouth.
You have claws for feet.
Your magical nature lets you fly swiftly and evasively.


Message History

You kill the black bear!
Trog accepts your kill.
You closely miss the manticore. You barely miss the manticore.
You claw the manticore, but do no damage.
A yak comes into view.
The manticore bites you!
The manticore claws you but does no damage. x2
You barely miss the manticore.
The yak bellows!
You claw the manticore! You peck the manticore!
The manticore is heavily wounded.
You hear a shout!
The orc priest invokes the aid of Beogh against you.
Beogh smites you!
You barely miss the manticore.
The manticore is heavily wounded.
The manticore barely misses you.
The manticore claws you but does no damage.
You block the manticore's attack.
Your plate armour prevents you from hitting the manticore.
Your kick misses the manticore. You peck the manticore!
The manticore is severely wounded.
You sock the manticore!
The manticore is almost dead.
The manticore bites you!!
* * * LOW HITPOINT WARNING * * *
You block the manticore's attack. The manticore misses you.
The orc priest invokes the aid of Beogh against you.
Beogh smites you!
* * * LOW HITPOINT WARNING * * *
You barely miss the manticore. Your kick misses the manticore.
You peck the manticore.
You kill the manticore!
Trog accepts your kill.
Your Dodging skill increases to level 8!
You are too berserk!
The orc priest mumbles some strange prayers to Beogh against you.
Beogh smites you!
You die...

#)##.###################...#
#.##.# #.....#.♣.♣.#...#
#.#..# ♣.♣♣#♣...♣#♣.♣.♣#..##
#....# ♣....♣.♣...♣.♣.#..#
##.#)# ♣.♣♣#♣...♣#♣.♣.♣#..#
### ##...# #...s.#.♣.♣.#..#
..# ###..#
###.###♣♣.♣♣#..##..# # #..#
♣.♣♣#♣♣.♣ #..#...# # #..#
♣Y♣@#♣.♣♣ #.##.#.# # #..#
♣o♣Y#♣♣.♣♣#.##...# # #..#
#...o.#♣♣♣.♣#.#.<.# # #..#
#.###Y#.(..♣#.....# # #..#♣
## .##.♣♣♣♣#...### ###.... o
#...♣♣....# .#.>... .
#♣♣♣..[...# ...[... ..
♣♣.....## ..>..#♣
♣.♣#....#####


You could see 2 yaks and 2 orc priests.

Vanquished Creatures
  A boulder beetle (D:8)
  A hydra (D:8)
  A two-headed ogre (D:7)
  Pikel (D:6)
  A manticore (D:8)
  2 centaur zombies
  2 wyverns (D:8)
  A yak (D:6)
  A steam dragon (D:8)
  A water moccasin (D:7)
  Duvessa (D:6)
  A black bear (D:8)
  4 sky beasts
  3 necrophages
  2 ice beasts
  4 ogres
  6 centaurs
  A phantom (D:6)
  4 kobold brigands (D:8)
  3 water moccasin zombies (D:5)
  Dowan (D:6)
  2 water moccasin skeletons
  3 killer bees (D:8)
  A howler monkey (D:8)
  3 hounds
  8 orc priests
  3 centaur skeletons
  2 jellies (D:5)
  A gnoll shaman (D:4)
  Jessica (D:2)
  Natasha (D:2)
  Terence (D:2)
  2 iguanas
  8 orc wizards
  3 hound skeletons
  A mummy (D:5)
  3 howler monkey zombies
  8 gnolls
  2 howler monkey skeletons
  9 adders
  4 white imps
  4 ufetubi
  An adder skeleton (D:5)
  3 worms
  30 orcs
  8 endoplasms
  4 giant cockroaches
  9 goblins
  9 hobgoblins
  9 jackals
  6 quokkas
  5 ball pythons
  9 bats
  3 frilled lizards
  21 kobolds
  4 rats
233 creatures vanquished.

Notes
Turn   | Place    | Note
-------+----------+-------------------------------------------
     0 | D:1      | toffzen the Tengu Berserker began the quest for the Orb.
     0 | D:1      | Reached XP level 1. HP: 14/14 MP: 2/2
   111 | D:1      | Reached XP level 2. HP: 15/19 MP: 3/3
   705 | D:1      | Reached XP level 3. HP: 23/23 MP: 4/4
  1111 | D:2      | Noticed Natasha
  1164 | D:2      | Noticed Jessica
  1169 | D:2      | Killed Jessica
  1169 | D:2      | Reached ** piety under Trog
  1170 | D:2      | Reached skill level 4 in Maces & Flails
  1170 | D:2      | Reached XP level 4. HP: 28/28 MP: 5/5
  1380 | D:2      | Found a faded altar of an unknown god.
  1405 | D:2      | Found Xabruj's Armour Shop.
  1450 | D:2      | Noticed Terence
  1467 | D:2      | Killed Terence
  1874 | D:2      | Gained mutation: Your magical nature lets you fly swiftly
                  | and evasively. [Tengu growth]
  1874 | D:2      | Reached XP level 5. HP: 32/32 MP: 6/6
  2560 | D:3      | Reached *** piety under Trog
  2775 | D:3      | Reached skill level 5 in Maces & Flails
  2776 | D:3      | Reached XP level 6. HP: 38/38 MP: 7/7
  2913 | D:2      | Killed Natasha
  3322 | D:4      | Reached skill level 1 in Shields
  3322 | D:4      | Reached XP level 7. HP: 44/44 MP: 8/8
  3437 | D:4      | Found a hide-covered altar of Uskayaw.
  3440 | D:4      | Noticed a +0 hand axe
  3441 | D:4      | Noticed a +0 dagger
  3448 | D:4      | Reached skill level 6 in Maces & Flails
  3675 | D:4      | Found a glowing golden altar of the Shining One.
  4136 | D:4      | Reached **** piety under Trog
  4304 | D:4      | Found a bloodstained altar of Trog.
  4352 | D:5      | Entered Level 5 of the Dungeon
  4366 | D:5      | Reached XP level 8. HP: 48/48 MP: 9/9
  4486 | D:5      | Reached skill level 5 in Fighting
  4486 | D:5      | Reached skill level 7 in Maces & Flails
  4494 | D:5      | Reached skill level 5 in Armour
  4613 | D:5      | Reached skill level 5 in Dodging
  4653 | D:5      | Found a snail-covered altar of Cheibriados.
  4699 | D:5      | Reached skill level 8 in Maces & Flails
  4699 | D:5      | Reached XP level 9. HP: 53/54 MP: 10/10
  4728 | D:5      | Found a burning altar of Makhleb.
  5690 | D:6      | Found a staircase to the Ecumenical Temple.
  5712 | D:6      | Found a runed translucent door.
  5725 | D:6      | Noticed Nosferatu13666's ghost (novice SpBr)
  5839 | D:6      | Reached skill level 9 in Maces & Flails
  5948 | D:6      | Reached ***** piety under Trog
  6183 | D:6      | Noticed Dowan
  6203 | D:6      | Noticed Duvessa
  6216 | D:6      | Killed Duvessa
  6370 | D:6      | Killed Dowan
  6759 | D:6      | Found a glowing silver altar of Zin.
  6883 | D:7      | Reached XP level 10. HP: 60/61 MP: 11/11
  6895 | D:7      | Noticed a two-headed ogre
  6911 | D:7      | Killed a two-headed ogre
  6912 | D:7      | Reached skill level 10 in Maces & Flails
  6912 | D:7      | Reached skill level 5 in Shields
  7424 | D:7      | Noticed Pikel
  7439 | D:6      | Killed Pikel
  7735 | D:8      | Identified the +1 robe of Mysticism {rF- Str+3 Int+4}
  7874 | D:8      | Found a shadowy altar of Dithmenos.
  8128 | D:8      | Found a white marble altar of Elyvilon.
  8249 | D:8      | Noticed a boulder beetle
  8262 | D:8      | Killed a boulder beetle
  8263 | D:8      | Reached skill level 11 in Maces & Flails
  8322 | D:8      | Reached XP level 11. HP: 67/67 MP: 12/12
  8338 | D:8      | Noticed an eight-headed hydra
  8346 | D:8      | Noticed a manticore
  8350 | D:8      | Killed an eight-headed hydra
  8364 | D:8      | Killed a manticore
  8365 | D:8      | Killed from afar by an orc priest

Illustrated notes

Levels and vault maps discovered:
D:1:      matt_arrival_diagonals, layout_loops_ring
D:2:      layout_basic, serial_shops, nicolae_shop_trees,
          hellmonk_ecumenical_altar_pennies_from_heaven, minmay_surrounded,
          uniq_natasha, uniq_jessica, uniq_terence
D:3:      layout_basic, kennysheep_generic_room_15
D:4:      layout_loops_ring, dancing_weapons_uskayaw, trog_book, tso_metal_star
D:5:      minmay_recursive_quarters, layout_basic, general_overflow_altar,
          slow_altar_1, serial_bayou_pond_e
D:6:      layout_cave_pools, lemuel_tele_altar, minmay_temple_entry_glass,
          hellmonk_ghost_happy_afterlife, minmay_puff, uniq_duvessa
D:7:      layout_basic, uniq_pikel
D:8:      nzn_winding_woodlands_medium [nzn_winding_woodlands_5x5_checkerboard,
          nzn_winding_woodlands_5x15_jagged, nzn_winding_woodlands_5x5_three,
          nzn_winding_woodlands_hourglass,
          nzn_winding_woodlands_center_pierced_h,
          nzn_winding_woodlands_5x5_closed_star,
          nzn_winding_woodlands_5x5_cross, nzn_winding_woodlands_5x15_twine,
          nzn_winding_woodlands_5x5_perimeter], layout_rooms,
          grunt_dithmenos_smoke_and_mirrors, overflow_temple_1_default

Skill      XL: |  1  2  3  4  5  6  7  8  9 10 11 |
---------------+----------------------------------+-----
Maces & Flails | 4 5 6 8 9 11 | 11.3
Armour         | 3 4 5 6 7 8 |  8.1
Dodging        | 3 4 5 6 7 8 |  8.0
Fighting       | 4 5 6 7 |  7.6
Shields        | 1 2 3 4 6 |  6.3

Action                   |  1- 3 |  4- 6 |  7- 9 | 10-12 || total
-------------------------+-------+-------+-------+-------++-------
Melee: Mace              |    44 |   100 |       |       ||   144
       Kick              |    12 |    30 |   111 |    76 ||   229
       Peck              |     3 |    16 |    67 |    47 ||   133
       Flail             |       |    28 |   294 |   172 ||   494
Invok: Berserk           |     2 |     6 |     9 |     5 ||    22
       Trog's Hand       |       |       |     1 |     3 ||     4
  Use: Scroll            |     1 |     2 |     2 |     7 ||    12
 Stab: Sleeping          |     1 |       |       |       ||     1
Armor: Animal skin       |    10 |     4 |       |       ||    14
       Chain mail        |       |     4 |       |       ||     4
       Plate armour      |       |    42 |   143 |    65 ||   250
Dodge: Dodged            |    29 |    56 |   104 |    56 ||   245
Block: Buckler           |       |       |    78 |    42 ||   120

Table legend: (Time is in decaauts)
 A = Elapsed time spent in this place.
 B = Non-inter-level travel time spent in this place.
 C = Inter-level travel time spent in this place.
 D = Time resting spent in this place.
 E = Time spent auto-exploring this place.
 F = Levels seen in this place.
 G = Mean time per level.
                   A        B        C        D        E       F      G
               +--------+--------+--------+--------+--------+-----+--------+
         Total |   8227 |   8084 |    143 |   2451 |   3532 |   8 | 1028.4 |
       Dungeon |   8227 |   8084 |    143 |   2451 |   3532 |   8 | 1028.4 |
               +--------+--------+--------+--------+--------+-----+--------+

Top non-repeatable levels by time:
     D:5: 1494 daAuts
     D:2: 1370 daAuts
     D:1: 1083 daAuts
     D:6: 1013 daAuts
     D:3: 949 daAuts
     D:4: 919 daAuts
     D:7: 794 daAuts
     D:8: 601 daAuts
